 Dungeon Crawl Stone Soup version 0.30.1-9-gdf580d7c3d (webtiles) character file.

Game seed: 7717598641141802694

221 leafyfresh the Trooper (level 5, -1/52 HPs)
             Began as a Minotaur Fighter on Oct 26, 2023.
             Succumbed to a water moccasin's poison
             ... on level 4 of the Dungeon.
             The game lasted 00:03:28 (2725 turns).

leafyfresh the Trooper (Minotaur Fighter)           Turns: 2725, Time: 00:03:29

Health: -1/52      AC:  8    Str: 23    XL:     5   Next: 65%
Magic:  4/4        EV:  9    Int:  5    God:
Gold:   163        SH:  4    Dex:  9    Spells: 4/4 levels left

rFire   . . .        o - +2 spear (flame)
rCold   . . .        c - +0 buckler
rNeg    . . .        b - +0 scale mail
rPois   .            (helmet restricted)
rElec   .            (no cloak)
rCorr   .            (no gloves)
SInv    .            j - +0 pair of boots
Will    .....        (no amulet) Stlth
                     (no ring)
HPRegen 0.28/turn    (no ring)
MPRegen 0.09/turn

%: no passive effects
@: lethally poisoned (-1 -> -13)
A: horns 2, retaliatory headbutt
a: no special abilities


You were on level 4 of the Dungeon.
You visited 1 branch of the dungeon, and saw 4 of its levels.

You collected 163 gold pieces.

Inventory:

Hand Weapons
 a - a +0 war axe
 o - a +2 spear of flaming (weapon)
 p - a +0 antimagic hand axe
Armour
 b - a +0 scale mail (worn)
 c - a +0 buckler (worn)
 j - a +0 pair of boots (worn)
 n - a +0 chain mail
Scrolls
 f - 5 scrolls of identify {unknown}
 g - a scroll of magic mapping {unknown}
 h - a scroll of amnesia {unknown}
 k - 3 scrolls of immolation {unknown}
 m - a scroll of poison {unknown}
 q - a scroll of enchant armour {unknown}
Potions
 d - 2 potions of might
 e - 3 potions of curing {unknown}
 i - a potion of attraction {unknown}
 l - a potion of cancellation {unknown}
 r - a potion of brilliance {unknown}
 s - a potion of heal wounds {unknown}
 t - a potion of flight {unknown}


   Skills:
 + Level 7.5 Fighting
 - Level 2.6 Axes
 - Level 3.8 Armour
 - Level 3.8 Shields


You had 4 spell levels left.
You didn't know any spells.
Your spell library was empty.

Dungeon Overview and Level Annotations

Branches:
Dungeon (4/15)
 Temple: D:4-7

Altars:
Ashenzari
Hepliaklqana
Kikubaaqudgha
Nemelex Xobeh
Wu Jian

Shops:
D:1 :


Innate Abilities, Weirdness & Mutations

You have a pair of horns on your head.
You reflexively headbutt those who attack you in melee.


Message History

The water moccasin bites you but does no damage.
You barely miss the water moccasin.
Your headbutt misses the water moccasin.
The water moccasin bites you.
You hit the water moccasin but do no damage.
The water moccasin bites you.
You are poisoned.
The water moccasin poisons you!
You completely miss the water moccasin.
You feel very sick. The water moccasin bites you.
You are more poisoned.
The water moccasin poisons you! The water moccasin barely misses you.
You furiously retaliate!
You headbutt the water moccasin! You puncture the water moccasin!
You burn the water moccasin.
Your headbutt misses the water moccasin.
The water moccasin is heavily wounded.
You feel very sick. You block the water moccasin's attack.
The orc hits you but does no damage. x2
You hit the water moccasin. You burn the water moccasin.
Your headbutt misses the water moccasin.
The water moccasin is severely wounded.
You feel very sick. The water moccasin bites you.
You are more poisoned.
The water moccasin poisons you! The orc closely misses you.
The orc barely misses you. The orc hits you but does no damage.
The water moccasin bites you but does no damage.
You feel very sick.
You feel very sick. The water moccasin bites you.
The orc hits you with a +0 flail.
* * * LOW HITPOINT WARNING * * *
You block the water moccasin's attack. The orc attacks as you move away!
The orc hits you with a +0 flail.
* * * LOW HITPOINT WARNING * * *
x2 You feel very sick.
The orc hits you with a +0 flail!
* * * LOW HITPOINT WARNING * * *
The orc attacks as you move away! The orc closely misses you.
You die...

#..........####.
.###########..........+....
...........#.....†....####.
...........#..........# #.
...........#..........# #.
...........############ #.
........S..# #.
#....)..oo.# #.
#......oo.@# #############.
#......$...###..........###
.(.........'.'..........'>.
#..........###..........#.#
####+####### #..........#.#
#..........#.#
############.# #.# #.#


You could see a water moccasin and 4 orcs.

Vanquished Creatures
  A gnoll bouda (D:2)
  An orc priest (D:4)
  Natasha (D:3)
  3 gnolls
  2 adders
  2 dart slugs (D:1)
  A worm (D:2)
  6 orcs
  2 ball pythons (D:2)
  3 endoplasms
  5 giant cockroaches
  7 goblins
  11 hobgoblins
  4 jackals (D:3)
  7 kobolds
  4 quokkas
  4 bats
  6 frilled lizards
  6 rats
76 creatures vanquished.

Notes
Turn   | Place    | Note
-------+----------+-------------------------------------------
     0 | D:1      | leafyfresh the Minotaur Fighter began the quest for the
                  | Orb.
     0 | D:1      | Reached XP level 1. HP: 19/19 MP: 0/0
   175 | D:1      | Reached XP level 2. HP: 26/27 MP: 1/1
   216 | D:1      | Reached skill level 4 in Fighting
   529 | D:1      | Found Redom Ese's Vocational Training.
   688 | D:1      | Found a faded altar of an unknown god.
   882 | D:2      | Reached XP level 3. HP: 31/34 MP: 2/2
   907 | D:2      | Found an ancient bone altar of Kikubaaqudgha.
  1007 | D:2      | Reached skill level 5 in Fighting
  1730 | D:3      | Reached XP level 4. HP: 36/42 MP: 3/3
  1743 | D:2      | Reached skill level 6 in Fighting
  2155 | D:3      | Reached XP level 5. HP: 51/51 MP: 4/4
  2511 | D:3      | Found a hazy altar of Hepliaklqana.
  2511 | D:3      | Noticed Natasha
  2515 | D:3      | Killed Natasha
  2516 | D:3      | Reached skill level 7 in Fighting
  2519 | D:3      | Found a broken altar of Ashenzari.
  2522 | D:3      | Found an ornate altar of the Wu Jian Council.
  2523 | D:3      | Found a sparkling altar of Nemelex Xobeh.
  2713 | D:4      | Noticed a water moccasin
  2724 | D:4      | HP: 2/52 [orc/+0 flail (8)]
  2725 | D:4      | Succumbed to a water moccasin's poison

Illustrated notes

Levels and vault maps discovered:
D:1:      minmay_arrival_open_corners, layout_loops_ring,
          ebering_ecumenical_altar_rust, supply_closet_lemuel,
          nicolae_shop_vocational
D:2:      layout_basic, basic_altar, serial_glass, glass_columns_a,
          glass_columns_b, minmay_misc_feat_five, minivault_26,
          minmay_tetromino_l4
D:3:      layout_rooms, grunt_temple_overflow_cloverleaf, uniq_natasha
D:4:      layout_basic, grunt_qazlal_sundering

Skill      XL: |  1  2  3  4  5 |
---------------+----------------+-----
Fighting       | 4 5 6 7 |  7.5
Axes           | |  2.6
Armour         | |  3.8
Shields        | |  3.8

Action                     |  1- 3 |  4- 6 || total
---------------------------+-------+-------++-------
  Melee: War axe           |   105 |    11 ||   116
         Headbutt          |    10 |     6 ||    16
         Spear             |       |    64 ||    64
 Armour: Scale mail        |    53 |    26 ||    79
  Dodge: Dodged            |    41 |    24 ||    65
  Block: Buckler           |    15 |    18 ||    33
